 Dungeon Crawl Stone Soup version 0.31-a0-180-g519b7de00c (webtiles) character file.

Game seed: 1290836613585946923

306 qw the Shooter (level 6, -2/57 HPs)
             Began as a Naga Hunter on June 19, 2023.
             Slain by an orc wizard
             ... wielding a +0 dagger
              (3 damage)
             ... on level 5 of the Dungeon.
             The game lasted 00:00:48 (2539 turns).

qw the Shooter (Naga Hunter)                        Turns: 2539, Time: 00:00:49

Health: -2/57      AC:  5    Str: 11 (13) XL:     6   Next: 39%
Magic:  6/6        EV:  9    Int:  7 (9)  God:
Gold:   163        SH:  0    Dex: 17      Spells: 5/5 levels left

rFire   . . .        Y - +1 longbow (freeze)
rCold   . . .        (shield currently unavailable)
rNeg    . . .        c - +0 leather armour
rPois   +            i - +1 helmet
rElec   .            (no cloak)
rCorr   .            (no gloves)
SInv    +            (no barding)
Will    .....        k - amulet of the acrobat
Stlth   ++           (no ring)
HPRegen 0.29/turn    (no ring)
MPRegen 0.10/turn

%: acrobat
@: short of breath, very slow
A: AC +2, large, see invisible, deformed body, poison resistance, slowness 2,
spit poison 1, naga tail 1
a: Spit Poison


You were on level 5 of the Dungeon.
You visited 1 branch of the dungeon, and saw 6 of its levels.

You collected 187 gold pieces.
You spent 24 gold pieces at shops.


Innate Abilities, Weirdness & Mutations

Your serpentine skin is tough. (AC +2)
You have supernaturally acute eyesight. (SInv)
Armour fits poorly on your strangely shaped body.
Your system is resistant to poisons. (rPois)
You cover ground very slowly.
You can spit poison.
You have a snake-like lower body.


   Skills:
 - Level 4.0 Fighting
 - Level 6.0 Ranged Weapons
 + Level 1.5 Dodging
 - Level 1.5 Stealth


You had 5 spell levels left.
You didn't know any spells.
Your spell library was empty.

Inventory:

Hand Weapons
 Y - a +1 longbow of freezing (weapon)
Armour
 c - a +0 leather armour (worn)
 i - a +1 helmet (worn)
Jewellery
 k - an amulet of the acrobat (around neck)
Scrolls
 d - a scroll of identify
Potions
 g - a potion of curing
 h - a potion of might

Dungeon Overview and Level Annotations

Branches:
Dungeon (6/15)
 Temple: D:4-7

Altars:
Zin

Shops:
D:2 ?   D:4 =


Message History

The orc hits you with a +0 whip.
Your Fighting skill increases to level 4!
2535 ||| INVOKING Spit Poison.
Aiming: Spit Poison (1% risk of failure)
Press: ? - help, Shift-Dir - straight line, f - orc wizard The splash of poison hits the orc wizard.
The orc wizard is poisoned.
The orc wizard is lightly wounded.
The adder bites you but does no damage. The orc hits you with a +0 whip.
The orc wizard hits you but does no damage.
The orc priest hits you with a +0 dagger.
The adder barely misses you.
You shoot an arrow. The arrow barely misses the orc wizard.
The adder bites you. The orc wizard casts a spell at you.
You easily resist.
The orc priest barely misses you. The orc hits you with a +0 whip.
The adder barely misses you.
You shoot an arrow. The arrow hits the orc wizard.
The arrow freezes the orc wizard.
The orc wizard is moderately wounded.
You have got your breath back.
The orc priest barely misses you.
The orc wizard hits you but does no damage.
The orc barely misses you. The adder bites you but does no damage.
The orc priest hits you but does no damage.
The orc wizard points at you and mumbles some strange words.
The puff of flame hits you! The orc hits you but does no damage.
2538 ||| INVOKING Spit Poison.
Aiming: Spit Poison (1% risk of failure)
Press: ? - help, Shift-Dir - straight line, f/p - orc wizard The splash of poison hits the orc wizard.
The orc wizard is heavily wounded.
The orc wizard looks more healthy.
The adder misses you. The orc barely misses you. The adder bites you.
The orc priest closely misses you. The orc wizard closely misses you.
You shoot an arrow.
The arrow closely misses the orc wizard.
The adder bites you.
The orc wizard hits you with a +0 dagger.
You die...

. ##. #.. #.# #
#.# #.#
#####.##...#.
#....o.......
#..)o@.....#
#...oS....##
............#
###............
#.........###
#........##
###.####.# #.
.#


You could see an orc priest, an orc wizard (invisible), an adder and an orc.

Vanquished Creatures
  A black bear (D:3)
  A hound (D:5)
  An orc wizard (D:5)
  Terence (D:2)
  Robin (D:3)
  4 adders
  An ufetubus (D:4)
  2 worms (D:3)
  A dart slug (D:2)
  7 orcs
  6 endoplasms
  5 giant cockroaches
  17 goblins
  8 hobgoblins
  2 kobolds
  2 quokkas
  6 ball pythons
  3 bats (D:2)
  A frilled lizard (D:2)
  4 rats
74 creatures vanquished.

Notes
Turn   | Place    | Note
-------+----------+-------------------------------------------
     0 | D:1      | qw the Naga Hunter began the quest for the Orb.
     0 | D:1      | Reached XP level 1. HP: 19/19 MP: 1/1
     0 | D:1      | 0 ||| qw: Version: 0.3-a-7-ge0c9b40
     0 | D:1      | 0 ||| qw: Game counter: 1042
     0 | D:1      | 0 ||| qw: Always use a shield: true
     0 | D:1      | 0 ||| qw: God list: Okawaru
     0 | D:1      | 0 ||| qw: Allow faded altars: false
     0 | D:1      | 0 ||| qw: Do Orc after D:15 true
     0 | D:1      | 0 ||| qw: Do second Lair branch before Depths: true
     0 | D:1      | 0 ||| qw: Lair rune preference: random
     0 | D:1      | 0 ||| qw: Plans: Normal
     0 | D:1      | 0 ||| PLANNING D:1-11
    57 | D:1      | 57 ||| INVOKING Spit Poison.
    61 | D:1      | 61 ||| INVOKING Spit Poison.
   369 | D:1      | 369 ||| INVOKING Spit Poison.
   451 | D:1      | 451 ||| INVOKING Spit Poison.
   452 | D:1      | Reached skill level 4 in Ranged Weapons
   452 | D:1      | Reached XP level 2. HP: 26/26 MP: 2/2
   482 | D:1      | 482 ||| INVOKING Spit Poison.
   578 | D:1      | 578 ||| READING scroll labelled VEOTADUGOE.
   579 | D:1      | 579 ||| READING scroll labelled QINEKUN HOUDONK.
   580 | D:1      | 580 ||| READING scroll labelled OGUPPU YGUEPS.
   580 | D:1      | Identified a scroll of acquirement
   580 | D:1      | 580 ||| ACQUIRING +1 longbow of freezing
   580 | D:1      | Acquired a +1 longbow of freezing
   582 | D:1      | 582 ||| SWAPPING to +1 longbow of freezing.
   583 | D:1      | 583 ||| DROPPING +0 shortbow.
   584 | D:1      | 584 ||| DROPPING scroll of butterflies.
   640 | D:2      | 640 ||| INVOKING Spit Poison.
   700 | D:2      | Noticed Terence
   701 | D:2      | 701 ||| INVOKING Spit Poison.
   703 | D:2      | Killed Terence
   704 | D:2      | Reached XP level 3. HP: 29/32 MP: 3/3
   737 | D:2      | 737 ||| INVOKING Spit Poison.
   740 | D:2      | 740 ||| INVOKING Spit Poison.
   792 | D:2      | 792 ||| INVOKING Spit Poison.
   875 | D:2      | 875 ||| INVOKING Spit Poison.
   882 | D:2      | 882 ||| INVOKING Spit Poison.
   892 | D:2      | Found The Oracle's Delphic Readings.
   896 | D:2      | 896 ||| SHOPLISTING scroll of brand weapon (114 gold, have
                  | 73).
   896 | D:2      | 896 ||| BUYING scroll of identify (24 gold).
   896 | D:2      | Bought a scroll of identify for 24 gold pieces
   899 | D:2      | 899 ||| INVOKING Spit Poison.
   956 | D:2      | 956 ||| INVOKING Spit Poison.
   975 | D:2      | 975 ||| INVOKING Spit Poison.
   980 | D:2      | 980 ||| INVOKING Spit Poison.
  1012 | D:2      | 1012 ||| Stepping ~*~*~tactically~*~*~ (outnumbered).
  1014 | D:2      | 1014 ||| Stepping ~*~*~tactically~*~*~ (outnumbered).
  1016 | D:2      | 1016 ||| Stepping ~*~*~tactically~*~*~ (outnumbered).
  1018 | D:2      | 1018 ||| INVOKING Spit Poison.
  1019 | D:2      | Reached skill level 5 in Ranged Weapons
  1020 | D:2      | Reached XP level 4. HP: 39/39 MP: 4/4
  1024 | D:2      | 1024 ||| INVOKING Spit Poison.
  1029 | D:2      | 1029 ||| INVOKING Spit Poison.
  1290 | D:2      | 1290 ||| INVOKING Spit Poison.
  1332 | D:3      | 1332 ||| INVOKING Spit Poison.
  1337 | D:3      | 1337 ||| INVOKING Spit Poison.
  1348 | D:3      | 1348 ||| INVOKING Spit Poison.
  1608 | D:3      | 1608 ||| INVOKING Spit Poison.
  1608 | D:3      | Noticed Robin
  1612 | D:3      | Reached skill level 3 in Fighting
  1612 | D:3      | 1612 ||| INVOKING Spit Poison.
  1615 | D:3      | 1615 ||| INVOKING Spit Poison.
  1616 | D:3      | Killed Robin
  1618 | D:3      | 1618 ||| INVOKING Spit Poison.
  1621 | D:3      | HP: 9/42 [hobgoblin[Robin] (4)]
  1623 | D:3      | 1623 ||| INVOKING Spit Poison.
  1625 | D:3      | Reached XP level 5. HP: 12/49 MP: 5/5
  1627 | D:3      | 1627 ||| INVOKING Spit Poison.
  1629 | D:3      | HP: 11/49 [goblin/sling bullet (2)]
  1779 | D:3      | 1779 ||| INVOKING Spit Poison.
  1879 | D:3      | 1879 ||| INVOKING Spit Poison.
  1999 | D:3      | 1999 ||| INVOKING Spit Poison.
  2030 | D:3      | 2030 ||| INVOKING Spit Poison.
  2207 | D:3      | 2207 ||| UPGRADING to +0 helmet.
  2212 | D:3      | 2212 ||| READING scroll of enchant armour.
  2212 | D:3      | 2212 ||| ENCHANTING +0 helmet.
  2213 | D:3      | 2213 ||| UPGRADING to amulet of the acrobat.
  2218 | D:3      | 2218 ||| READING 2 scrolls labelled MOFAEKOETZUE.
  2219 | D:3      | 2219 ||| READING scroll labelled WOG IRUEXKUIRGH.
  2220 | D:3      | 2220 ||| DRINKING 2 sedimented clear potions.
  2221 | D:3      | 2221 ||| READING 3 scrolls of identify.
  2221 | D:3      | 2221 ||| IDENTIFYING fuming black potion
  2222 | D:3      | 2222 ||| READING 2 scrolls of identify.
  2222 | D:3      | 2222 ||| IDENTIFYING puce potion
  2223 | D:3      | 2223 ||| DROPPING scroll of amnesia.
  2224 | D:3      | 2224 ||| DROPPING potion of degeneration.
  2237 | D:4      | Noticed a black bear
  2237 | D:4      | Found Ucoudosu's Jewellery Boutique.
  2238 | D:4      | 2238 ||| INVOKING Spit Poison.
  2241 | D:4      | 2241 ||| STAIRDANCE
  2243 | D:3      | 2243 ||| INVOKING Spit Poison.
  2245 | D:3      | Killed a black bear
  2246 | D:3      | Reached skill level 6 in Ranged Weapons
  2356 | D:4      | 2356 ||| INVOKING Spit Poison.
  2362 | D:4      | 2362 ||| INVOKING Spit Poison.
  2368 | D:4      | 2368 ||| SHOPLISTING +4 ring of protection (504 gold, have
                  | 145).
  2368 | D:4      | 2368 ||| SHOPLISTING +6 ring of dexterity (504 gold, have
                  | 145).
  2368 | D:4      | 2368 ||| SHOPLISTING amulet of reflection (420 gold, have
                  | 145).
  2368 | D:4      | 2368 ||| SHOPLISTING amulet of regeneration (420 gold, have
                  | 145).
  2368 | D:4      | 2368 ||| SHOPLISTING ring of protection from fire (350
                  | gold, have 145).
  2368 | D:4      | 2368 ||| SHOPLISTING ring of resist corrosion (280 gold,
                  | have 145).
  2414 | D:4      | 2414 ||| INVOKING Spit Poison.
  2424 | D:4      | 2424 ||| INVOKING Spit Poison.
  2426 | D:4      | Reached XP level 6. HP: 56/56 MP: 6/6
  2428 | D:4      | 2428 ||| INVOKING Spit Poison.
  2443 | D:4      | Found a glowing silver altar of Zin.
  2500 | D:4      | 2500 ||| INVOKING Spit Poison.
  2510 | D:4      | 2510 ||| INVOKING Spit Poison.
  2512 | D:4      | You fall into a shaft and drop 2 floors!
  2517 | D:6      | 2517 ||| READING 2 scrolls of identify.
  2517 | D:6      | 2517 ||| IDENTIFYING coppery potion
  2518 | D:6      | 2518 ||| DROPPING potion of magic.
  2527 | D:5      | Entered Level 5 of the Dungeon
  2528 | D:5      | 2528 ||| INVOKING Spit Poison.
  2531 | D:5      | 2531 ||| INVOKING Spit Poison.
  2535 | D:5      | 2535 ||| INVOKING Spit Poison.
  2536 | D:5      | HP: 13/57 [adder (2)]
  2537 | D:5      | HP: 3/57 [orc wizard/puff of flame (9)]
  2538 | D:5      | 2538 ||| INVOKING Spit Poison.
  2539 | D:5      | HP: 1/57 [adder (1)]
  2539 | D:5      | Slain by an orc wizard

Levels and vault maps discovered:
D:1:      wander_arrival_desolate, layout_basic, dk_noncrumbling_4,
          dreamdust_wishing_well
D:2:      minmay_diamond_boxcup, layout_loops_ring, nicolae_nh_oracle_at_delphi,
          uniq_terence
D:3:      layout_basic, grunt_ministairs_7, minmay_misc_feat_nine_boxes,
          minmay_cut_off, uniq_robin
D:4:      layout_rooms, mainiacjoe_overflow_small_starburst,
          hangedman_decor_points, nicolae_stop_n_shop_1, st_stairs_13,
          grunt_decor_arrowhead
D:5:      layout_rooms, gammafunk_ghost_mausoleum,
          chequers_serial_rivers_small_b, patterned_corridor, uniq_grinder,
          uniq_edmund, uniq_duvessa
D:6:      layout_rooms, kennysheep_mini, minmay_temple_entry_glassed_door,
          chequers_mini_garden, st_stairs_1, corexii_item_surrounded_by_moat,
          abandoned_shop, chequers_avenue

Skill      XL: |  1  2  3  4  5  6 |
---------------+-------------------+-----
Ranged Weapons | 4 5 6 |  6.0
Fighting       | 3 4 |  4.0
Dodging        | |  1.5
Stealth        | |  1.5

Action                     |  1- 3 |  4- 6 || total
---------------------------+-------+-------++-------
   Fire: Shortbow          |     8 |       ||     8
         Longbow           |    18 |    68 ||    86
Ability: Spit Poison       |    17 |    29 ||    46
    Use: Scroll            |     3 |     6 ||     9
         Potion            |       |     1 ||     1
 Armour: Leather armour    |       |    20 ||    20
  Dodge: Dodged            |     5 |    31 ||    36

Table legend:
 A = Non-vault XP
 B = Vault XP
 C = Vault XP percentage of total XP
 D = Non-vault monster count
 E = Vault monster count
 F = Vault count percentage of total count
                 A         B        C        D         E       F
            +---------+---------+-------+---------+---------+-------
      Total |     310 |     128 |  29.2 |      47 |      27 |  36.5
            +---------+---------+-------+---------+---------+-------
        D:1 |      12 |       0 |   0.0 |       7 |       0 |   0.0
        D:2 |      35 |      69 |  66.3 |      14 |       9 |  39.1
        D:3 |     147 |      46 |  23.8 |      11 |      17 |  60.7
        D:4 |      34 |      13 |  27.7 |      11 |       1 |   8.3
        D:5 |      82 |       0 |   0.0 |       4 |       0 |   0.0
            +---------+---------+-------+---------+---------+-------
